 Dungeon Crawl Stone Soup version 0.32-a0-886-g41c5271027 (webtiles) character file.

Game seed: 14340367803136610470

13059 Biggs the Skirmisher (level 12, 0/94 HPs)
             Began as a Coglin Hunter on Apr 2, 2024.
             Was an Elder of Okawaru.
             Slain by a yak (3 damage)
             ... while petrified by a basilisk
             ... on level 1 of the Lair of Beasts.
             The game lasted 00:22:49 (11791 turns).

Biggs the Skirmisher (Coglin Hunter)               Turns: 11791, Time: 00:22:49

Health: 0/94       AC:  9    Str: 11    XL:     12   Next: 2%
Magic:  12/12      EV:  2    Int:  8    God:    Okawaru [****..]
Gold:   615        SH:  0    Dex: 24    Spells: 11/11 levels left

rFire   . . .        a - +7 sling {Suni}
rCold   . . .        d - +0 sling {Surin}
rNeg    + + +        G - +0 leather armour {rPois}
rPois   ∞            (no helmet)
rElec   .            o - +2 cloak {Stlth+}
rCorr   .            E - +1 pair of gloves
SInv    .            p - +0 pair of boots
Will    .....        (amulet unavailable)
Stlth   +++          (ring unavailable)
HPRegen 0.35/turn    (ring unavailable)
MPRegen 0.13/turn    (no gizmo)

%: no passive effects
@: petrified, revving
A: off-hand wielding, slow wielding, warmup strikes, no jewellery
a: Invent Gizmo, Renounce Religion, Heroism, Finesse


You were on level 1 of the Lair of Beasts.
You worshipped Okawaru.
Okawaru was greatly pleased with you.
You visited 3 branches of the dungeon, and saw 14 of its levels.
You also visited: Bailey.

You collected 780 gold pieces.
You spent 165 gold pieces at shops.

Inventory:

Hand Weapons
 a - a +7 sling (weapon) {Suni}
 d - a +0 sling (offhand) {Surin}
Missiles
 A - a throwing net
Armour
 o - a +2 cloak of stealth (worn)
 p - a +0 pair of boots (worn)
 E - a +1 pair of gloves (worn)
 G - a +0 leather armour of poison resistance (worn)
Wands
 g - a wand of polymorph (17)
 B - a wand of charming (22)
Scrolls
 b - a scroll of butterflies
 f - a scroll of teleportation
 h - 4 scrolls of noise
 j - 3 scrolls of fog
 r - a scroll of fear
 t - 3 scrolls of blinking
 v - 4 scrolls of poison
 w - 2 scrolls of torment {unknown}
 y - a scroll of revelation {unknown}
 z - a scroll of amnesia {unknown}
 C - a scroll of enchant armour {unknown}
 H - 2 scrolls of vulnerability {unknown}
Potions
 e - a potion of might {unknown}
 i - a potion of resistance {unknown}
 k - a potion of lignification {unknown}
 l - a potion of magic {unknown}
 m - 2 potions of berserk rage {unknown}
 n - a potion of haste {unknown}
 q - 3 potions of heal wounds {unknown}
 s - 3 potions of degeneration {unknown}
 u - 4 potions of enlightenment {unknown}
 x - a potion of attraction {unknown}
 D - 4 potions of curing {unknown}
Miscellaneous
 F - a box of beasts


   Skills:
 - Level 8.7 Fighting
 + Level 13.1 Ranged Weapons
 - Level 9.4 Dodging
 - Level 0.7 Stealth


You had 11 spell levels left.
You didn't know any spells.
Your spell library contained the following spells:

 Spells                   Type           Power      Damage    Failure   Level
 Magic Dart               Conj           0%         1d3       50%         1
 Sandblast                Erth           0%         2d4       50%         1
 Slow                     Hex            0%         N/A       50%         1
 Cigotuvi's Dreadful Rot  Necr/Alch/Air  0%         N/A       65%         2
 Lesser Beckoning         Tloc           0%         N/A       65%         2
 Searing Ray              Conj           0%         2d4       65%         2
 Confusing Touch          Hex            0%         N/A       86%         3
 Maxwell's Portable Pile  Tloc           0%         2d(5-13)  86%         3
 Stone Arrow              Conj/Erth      0%         3d7       86%         3
 Teleport Other           Tloc           0%         N/A       86%         3
 Vampiric Draining        Necr           0%         2d6       86%         3
 Volatile Blastmotes      Fire/Tloc      0%         2d10      86%         3
 Brom's Barrelling Bould  Conj/Erth      0%         2d3       99%         4
 Fulminant Prism          Conj/Alch      0%         3d5       99%         4
 Ignite Poison            Fire/Alch      0%         N/A       99%         4
 Iskenderun's Mystic Bla Conj/Tloc 0%             2d3        (+2d1     99%         4
 Sticky Flame             Fire/Alch      0%         2d4       99%         4
 Freezing Cloud           Conj/Ice/Air   0%         6-21      100%        5
 Ignition                 Fire           0%         3d3       100%        8


Dungeon Overview and Level Annotations

Branches:
Dungeon (12/15)            Temple (1/1) D:6            Lair (1/5) D:11
    Orc (0/2) D:11         Bailey (visited)

Altars:
Ashenzari
Cheibriados
Dithmenos
Elyvilon
Fedhas
Gozag
Hepliaklqana
Kikubaaqudgha
Makhleb
Nemelex Xobeh
Okawaru
Qazlal
Ru
Sif Muna
Trog
Uskayaw
Vehumet
Wu Jian
Xom
Yredelemnul
Zin
The Shining One

Shops:
D:7 :   D:9 [   D:10 :

Annotations:
D:10 1 runed translucent door


Innate Abilities, Weirdness & Mutations

You can wield a second weapon in your off-hand.
It takes a long time for you to wield or remove held weapons.
Your first few attacks do less damage.
You cannot equip rings or amulets.


Message History

Press: ? - help, Q - select action, (/) - cycle Shift-Dir - straight line, f/p - komodo dragon
Aim: a komodo dragon (moderately wounded, 80% to hit)
You shoot a sling bullet.
The sling bullet hits the komodo dragon but does no damage.
The komodo dragon is moderately wounded.
You shoot a sling bullet.
The sling bullet closely misses the komodo dragon.
The basilisk gazes at you.
You are slowing down.
The komodo dragon bites you!
Unknown command.
As you read the scroll of teleportation, it crumbles to dust.
You feel strangely unstable. The komodo dragon bites you!
The basilisk closely misses you.
Your limbs are stiffening.
Unknown command.
Okay, then.
Your surroundings suddenly seem different. 3 yaks come into view.
Found a scroll of fear, 2 gold pieces and a pearl ring.
The yak bellows! x3
The yak gores you but does no damage.
You have turned to stone.
The yak gores you! x2
The yak gores you but does no damage. The yak gores you!
* * * LOW HITPOINT WARNING * * *
The yak gores you but does no damage. The yak gores you!
* * * LOW HITPOINT WARNING * * *
The yak gores you!
* * * LOW HITPOINT WARNING * * *
The yak gores you.
* * * LOW HITPOINT WARNING * * *
The yak gores you!
* * * LOW HITPOINT WARNING * * *
The yak completely misses you. The yak gores you.
* * * LOW HITPOINT WARNING * * *
The yak gores you but does no damage. The yak gores you!
* * * LOW HITPOINT WARNING * * *
The yak gores you but does no damage. The yak gores you.
You die...

.#.....=#....
...........
##......#..
#P........ .
#.......###P+
###............
.......Y.......
......Y@Y......
........^....?.
.......#.##.#.#
###.##. .. .. #
.. ... . ##.
.... #. ...$.
.. ......


You could see 3 yaks.

Vanquished Creatures
  2 boulder beetles (D:11)
  2 two-headed ogres
  A cyclops (D:11)
  A black mamba (Lair:1)
  Jeremiah (D:8)
  A kobold demonologist (D:12)
  4 trolls
  A shadow (D:9)
  18 yaks
  2 steam dragons
  A wraith (D:11)
  2 water moccasins
  12 orc warriors
  4 ogres
  4 black bears
  16 centaurs
  4 kobold brigands
  8 bullfrogs
  2 scorpions
  8 killer bees
  3 electric eels
  4 howler monkeys
  6 orc priests
  A gnoll bouda (D:9)
  4 hounds
  2 jellies
  An iguana (D:7)
  4 orc wizards
  3 gnolls (D:9)
  2 adders
  A white imp (D:6)
  2 ufetubi (D:6)
  A ribbon worm (D:3)
  2 dart slugs
  45 orcs
  3 bats
  2 endoplasms
  9 goblins
  7 hobgoblins
  25 kobolds
  2 quokkas (D:3)
  4 ball pythons
  A frilled lizard (D:2)
  A rat (D:3)
229 creatures vanquished.

Notes
Turn   | Place    | Note
-------+----------+-------------------------------------------
     0 | D:1      | Biggs the Coglin Hunter began the quest for the Orb.
     0 | D:1      | Reached XP level 1. HP: 16/16 MP: 1/1
   305 | D:1      | Reached skill level 4 in Ranged Weapons
   305 | D:1      | Reached XP level 2. HP: 21/22 MP: 2/2
  1343 | D:3      | Reached XP level 3. HP: 27/27 MP: 3/3
  1668 | D:3      | Reached skill level 5 in Ranged Weapons
  1668 | D:3      | Reached XP level 4. HP: 26/33 MP: 4/4
  1878 | D:4      | Noticed an ogre
  1936 | D:4      | Reached XP level 5. HP: 29/38 MP: 5/5
  2077 | D:4      | Reached skill level 6 in Ranged Weapons
  2181 | D:4      | Killed an ogre
  2182 | D:4      | Reached XP level 6. HP: 22/44 MP: 6/6
  2515 | D:4      | Found a radiant altar of Vehumet.
  2684 | D:5      | Entered Level 5 of the Dungeon
  2691 | D:5      | Reached skill level 7 in Ranged Weapons
  2735 | D:5      | Reached XP level 7. HP: 43/50 MP: 7/7
  3072 | D:5      | Reached skill level 8 in Ranged Weapons
  3754 | D:6      | Reached skill level 9 in Ranged Weapons
  3754 | D:6      | Reached XP level 8. HP: 37/56 MP: 8/8
  3917 | D:6      | Found a staircase to the Ecumenical Temple.
  3947 | Temple   | Entered the Ecumenical Temple
  3992 | D:6      | Reached skill level 10 in Ranged Weapons
  4473 | D:6      | Reached XP level 9. HP: 36/61 MP: 9/9
  4475 | D:6      | Reached skill level 11 in Ranged Weapons
  5105 | D:6      | Found a white marble altar of Elyvilon.
  5268 | D:7      | Found Wuedd's Book Shop.
  5440 | D:7      | Found a flagged portal.
  5448 | Bailey   | Entered a bailey
  5726 | Bailey   | Reached skill level 5 in Dodging
  6038 | Bailey   | Reached skill level 5 in Fighting
  6145 | Bailey   | Reached XP level 10. HP: 71/76 MP: 10/10
  7325 | D:8      | Noticed Jeremiah
  7334 | D:8      | Killed Jeremiah
  7530 | D:8      | Found an iron altar of Okawaru.
  7543 | D:8      | Became a worshipper of Warmaster Okawaru
  8273 | D:8      | You fall into a shaft and drop 3 floors!
  8304 | D:11     | Identified the +5 morningstar of Revolt {flame, rPois rN+
                  | Int-5}
  8305 | D:11     | Noticed a +0 hand axe
  8305 | D:11     | Noticed a +0 hand axe
  8306 | D:11     | Found a hide-covered altar of Uskayaw.
  8367 | D:11     | Noticed a boulder beetle
  8370 | D:11     | Noticed a two-headed ogre
  8371 | D:11     | Reached * piety under Okawaru
  8383 | D:11     | Killed a two-headed ogre
  8384 | D:11     | Reached XP level 11. HP: 46/87 MP: 11/11
  8414 | D:10     | Entered Level 10 of the Dungeon
  8684 | D:10     | Reached ** piety under Okawaru
  8782 | D:10     | Found a runed translucent door.
  8789 | D:10     | Found Ohymugeb's Vocational Training.
  9182 | D:9      | Found Myodedu's Antique Armour Boutique.
  9185 | D:9      | Bought an embroidered cloak for 165 gold pieces
  9282 | D:9      | Found an opulent altar of Gozag.
  9458 | D:9      | Found a hazy altar of Hepliaklqana.
  9718 | D:9      | Reached *** piety under Okawaru
 10521 | D:11     | Killed a boulder beetle
 10731 | D:11     | Noticed a boulder beetle
 10965 | D:11     | Found a staircase to the Orcish Mines.
 10966 | D:11     | Noticed a cyclops
 10975 | D:11     | Killed a cyclops
 10976 | D:11     | Reached skill level 12 in Ranged Weapons
 11153 | D:11     | Killed a boulder beetle
 11295 | D:11     | Found a staircase to the Lair.
 11452 | D:12     | Noticed a two-headed ogre
 11461 | D:12     | Killed a two-headed ogre
 11471 | D:12     | Reached **** piety under Okawaru
 11608 | D:12     | Reached skill level 13 in Ranged Weapons
 11691 | D:12     | Noticed a skeletal warrior
 11692 | D:12     | Noticed a skeletal warrior
 11692 | D:12     | Noticed a two-headed ogre
 11744 | Lair:1   | Entered Level 1 of the Lair of Beasts
 11779 | Lair:1   | Reached XP level 12. HP: 57/94 MP: 12/12
 11790 | Lair:1   | HP: 3/94 [yak (4)]
 11791 | Lair:1   | Slain by a yak

Illustrated notes

Levels and vault maps discovered:
D:1:      lemuel_arrival_funnel, layout_loops_ring
D:2:      layout_basic
D:3:      layout_loops_ring
D:4:      layout_basic, nicolae_vehumet_altar_sigil
D:5:      layout_loops_ring, small_statue_intersection
D:6:      layout_basic, mainiacjoe_overflow_alcove_2, temple_doors_ab,
          serial_bayou, serial_bayou_pond_e, serial_bayou_shore_a,
          serial_bayou_pond_d, serial_bayou_shore_b, serial_bayou_crossing,
          serial_bayou_ford_a
D:7:      layout_loops_ring, enter_bailey_3, serial_shops, kennysheep_mini_moat,
          minivault_14
D:8:      layout_gridville, kennysheep_okawaru_gauntlet, uniq_jeremiah
D:9:      nicolae_cairo_tiling_large, layout_irregular_city,
          mainiacjoe_overflow_catwalk, lemuel_doored_altar, serial_shops,
          nicolae_shop_pleasant_corner_grove
D:10:     layout_irregular_city, minmay_st_funbox, nicolae_shop_vocational
D:11:     layout_cave_pools, lair_entry_dummy, david_orc_3,
          dancing_weapons_uskayaw
D:12:     layout_basic, uniq_gastronok
Temple:   nicolae_temple_bog_church
Lair:1:   layout_regular_city, gauntlet_entry_generic, grunt_megastairs_4

Skill      XL: |  1  2  3  4  5  6  7  8  9 10 11 |
---------------+----------------------------------+-----
Ranged Weapons | 4 5 6 7 9 10 11 13 | 13.1
Dodging        | 5 7 9 |  9.4
Fighting       | 6 8 |  8.7
Stealth        | |  0.7

Action                     |  1- 3 |  4- 6 |  7- 9 | 10-12 || total
---------------------------+-------+-------+-------+-------++-------
   Fire: Sling             |    98 |   162 |   650 |   992 ||  1902
    Use: Scroll            |       |       |       |    14 ||    14
 Armour: Leather armour    |    10 |    27 |    99 |   149 ||   285
  Dodge: Dodged            |     8 |    19 |    93 |   196 ||   316

Table legend: (Time is in decaauts)
 A = Elapsed time spent in this place.
 B = Non-inter-level travel time spent in this place.
 C = Inter-level travel time spent in this place.
 D = Time resting spent in this place.
 E = Time spent auto-exploring this place.
 F = Levels seen in this place.
 G = Mean time per level.
                   A        B        C        D        E       F      G
               +--------+--------+--------+--------+--------+-----+--------+
         Total |  11778 |  11287 |    491 |    762 |   8914 |  15 |  785.2 |
       Dungeon |  10699 |  10208 |    491 |    762 |   8249 |  12 |  891.6 |
        Temple |      1 |      1 |      0 |      0 |      0 |   1 |    1.0 |
          Lair |     44 |     44 |      0 |      0 |     14 |   1 |   44.0 |
        Bailey |   1032 |   1032 |      0 |      0 |    651 |   1 | 1032.0 |
               +--------+--------+--------+--------+--------+-----+--------+

Top non-repeatable levels by time:
     D:6: 1554 daAuts
    D:10: 1261 daAuts
     D:5: 1140 daAuts
     D:8: 1086 daAuts
  Bailey: 1032 daAuts
     D:9: 995 daAuts
    D:11: 912 daAuts
     D:4: 813 daAuts
     D:3: 744 daAuts
     D:7: 741 daAuts
     D:2: 613 daAuts
     D:1: 576 daAuts
    D:12: 260 daAuts
  Lair:1: 44 daAuts
  Temple: 1 daAuts
